 Dungeon Crawl Stone Soup version 0.22-a0-271-gc000056 (webtiles) character file.

127 neds the Sneak (level 4, -2/30 HPs)
             Began as a Vampire Enchanter on Mar 10, 2018.
             Slain by an orc (4 damage)
             ... on level 2 of the Dungeon.
             The game lasted 00:20:31 (5063 turns).

neds the Sneak (Vampire Enchanter)                  Turns: 5063, Time: 00:20:31

Health: -2/30      AC:  2    Str:  7    XL:     4   Next: 85%
Magic:  7/7        EV: 13    Int: 17    God:
Gold:   143        SH:  0    Dex: 15    Spells: 6/7 levels left

rFire    . . .     SeeInvis +   a - +1 dagger
rCold    + . .     Gourm    .   (no shield)
rNeg     + + .     Faith    .   b - +0 robe
rPois    +         Spirit   .   (no helmet)
rElec    .         Reflect  .   (no cloak)
rCorr    .         Harm     .   (no gloves)
MR       .....                  (no boots)
Stlth    ++++......             (no amulet)
HPRegen  0.05/turn              (no ring)
MPRegen  0.10/turn              (no ring)

@: regenerating slowly
A: fangs 3, see invisible, unbreathing
a: Bat Form


You were on level 2 of the Dungeon.
You were very thirsty.

You visited 1 branch of the dungeon, and saw 3 of its levels.

You collected 143 gold pieces.

Inventory:

Hand Weapons
 a - a +1 dagger (weapon)
 i - a +0 hunting sling
Missiles
 r - 2 throwing nets (quivered)
Armour
 b - a +0 robe (worn)
 h - a +0 pair of gloves
Scrolls
 f - 6 scrolls of identify {unknown}
 g - 4 scrolls of remove curse {unknown}
 j - a scroll of teleportation {unknown}
 k - a scroll of immolation {unknown}
 n - a scroll of noise {unknown}
 o - 2 scrolls of enchant weapon {unknown}
 p - a scroll of amnesia {unknown}
 q - a scroll of random uselessness {unknown}
 s - a scroll of fog {unknown}
Potions
 c - a potion of curing {unknown}
 d - 7 potions of blood
 e - a potion of agility
 l - 2 potions of lignification {unknown}
 m - a potion of heal wounds {unknown}
 t - 2 potions of invisibility {unknown}


   Skills:
 + Level 3.6 Short Blades
 - Level 2.1 Dodging
 + Level 6.8 Stealth
 - Level 2.0 Spellcasting
 - Level 4.5 Hexes


You had 6 spell levels left.
You knew the following spells:

 Your Spells              Type           Power        Failure   Level  Hunger
a - Corona                Hex            ###....      3%          1    #......


Dungeon Overview and Level Annotations

Branches:
Dungeon (3/15)

Altars:


Innate Abilities, Weirdness & Mutations

You heal slowly.
You have razor-sharp teeth.
You have supernaturally acute eyesight. (SInv)
You can survive without breathing.


Message History

You hit the orc but do no damage.
The orc is heavily wounded.
The orc closely misses you.
Things that are here:
a ring mail; 44 stones; a club The orc hits you.
* * * LOW HITPOINT WARNING * * *
You hit the orc.
The orc is almost dead.
The orc misses you.
You hit the orc but do no damage.
The orc is almost dead.
You hit the orc but do no damage.
The orc is almost dead.
The orc hits you.
* * * LOW HITPOINT WARNING * * *
You closely miss the orc. Your bite misses the orc.
The orc is almost dead.
The orc hits you.
You die...

## #.# #.#
#.############### #.#
#.# #...............#
#.# #.#
###############.# #.#
#.# #.# #.# #.# ####.#
#.# #.# ##....#
####รท# #.#
#######...###
.....###.#
##########.%..........
#######..#
#....@o.......##...###
#######.##
#.#######.............
..(.....####.####
#....)###.###.
###.............##
##...## #.# #.
#.......#######..#
##.## #.###. #.#.....#
#..#####.# #.##..
#w#.....# #........#
#.##.. #.##..#.#
#...####.# #.##..
#.##.(#.# #...####.#
###.###.


You could see an orc.

Vanquished Creatures
  Natasha (D:3)
  4 adders
  A worm (D:2)
  3 dart slugs
  3 leopard geckos
  4 orcs (D:3)
  A giant cockroach (D:1)
  9 goblins
  4 hobgoblins
  2 bats
  3 frilled lizards
  10 kobolds
  8 rats
53 creatures vanquished.

Notes
Turn   | Place    | Note
-------+----------+-------------------------------------------
     0 | D:1      | neds the Vampire Enchanter began the quest for the Orb.
     0 | D:1      | Reached XP level 1. HP: 13/13 MP: 3/3
   251 | D:1      | Reached XP level 2. HP: 19/19 MP: 5/5
   290 | D:1      | Reached skill level 5 in Stealth
   834 | D:2      | Reached XP level 3. HP: 22/24 MP: 6/6
  2960 | D:3      | Reached skill level 6 in Stealth
  3402 | D:3      | Reached XP level 4. HP: 30/30 MP: 7/7
  3900 | D:3      | Noticed Natasha
  4106 | D:3      | Killed Natasha
  5063 | D:2      | Slain by an orc

Vault maps used:
D:1:      minmay_arrival_solitary_statue, dk_noncrumbling_2
D:3:      minmay_door_path, first_ration, uniq_natasha

Skill      XL: |  1  2  3 |
---------------+----------+-----
Stealth        | 5 6 |  6.8
Short Blades   | 2 3 |  3.6
Dodging        | |  2.1
Spellcasting   | |  2.0
Hexes          | |  4.5

Action                   |  1- 3 |  4- 6 || total
-------------------------+-------+-------++-------
Melee: Dagger            |   125 |    85 ||   210
       Bite              |     6 |     5 ||    11
Throw: Throwing net      |       |     1 ||     1
 Abil: End Transformatio |     5 |     3 ||     8
       Bat Form          |     5 |     3 ||     8
  Use: Potion            |     5 |     3 ||     8
 Stab: Sleeping          |    21 |     5 ||    26
       Held in net/web   |       |     1 ||     1
Armor: Robe              |     9 |     2 ||    11
Dodge: Dodged            |    63 |    42 ||   105

Table legend:
 A = Spawn XP
 B = Non-spawn XP
 C = Spawn XP percentage of total XP
 D = Spawn monster count
 E = Non-spawn monster count
 F = Spawn count percentage of total count
 G = Total turns spent on level
                    A         B        C        D         E        F      G
               +---------+---------+-------+---------+---------+-------+---------
         Total |       0 |     182 |   0.0 |       0 |      53 |   0.0 |  5063
               +---------+---------+-------+---------+---------+-------+---------
           D:1 |       0 |      33 |   0.0 |       0 |      18 |   0.0 |  1598
           D:2 |       0 |      48 |   0.0 |       0 |      18 |   0.0 |  2371
           D:3 |       0 |     101 |   0.0 |       0 |      17 |   0.0 |  1094
               +---------+---------+-------+---------+---------+-------+---------
